Map: Golden Wall LE

Players

Varum - Winner!

  • Race: Zerg Zerg
  • League: Gold
  • Spawn Location: 5:00

Felizbeat

  • Race: Protoss Protoss
  • League: Gold
  • Spawn Location: 7:00

VOD

https://www.youtube.com/watch?v=AD65Z6hLMgg&list=PL2VswB1ebSNB9z039dcC-60ZptzyKR1e6&index=8

Description

Time

  • Played on: April 2, 2020, 6:31 p.m.
  • Length: 5:27
Show
View Real Time Build Order
Export as new Build Order

Varum Zerg - Winner!

Build Orders: Pool First 

Get SALT Encoding   

  12  0:01  Drone  
  13  0:11  Drone  
  14  0:17  Overlord  
  14  0:35  Drone x3  
  17  0:51  Spawning Pool  
  17  0:52  Drone  
  17  0:53  Extractor  
  16  0:58  Drone  
  17  1:08  Drone  
  18  1:24  Drone  
  19  1:30  Hatchery  
  19  1:32  Drone  
  19  1:38  Queen  
  21  1:42  Zergling x2  
  22  1:52  Overlord  
  22  1:56  Metabolic Boost  
  22  2:12  Zergling x4  
  24  2:23  Roach Warren  
  24  2:24  Drone  
  24  2:37  Drone  
  25  2:44  Drone  
  25  2:48  Queen  
  28  3:06  Overlord x2  
  28  3:26  Roach x5  
  40  3:27  Roach  
  40  3:33  Zergling x2  
  40  3:34  Zergling x4  
  43  3:57  Overlord  
  43  3:59  Zergling x2  
  43  4:00  Zergling x12  
  48  4:13  Zergling x8  
  44  4:49  Ravager  
  43  4:54  Ravager  
Show
View Real Time Build Order
Export as new Build Order

Felizbeat Protoss 

Build Orders: Double Forge 

Get SALT Encoding   

  12  0:01  Probe  
  13  0:13  Probe  
  14  0:23  Pylon  
  14  0:27  Probe  
  15  0:42  Probe (Chrono Boost)  
  16  0:48  Gateway  
  16  0:54  Probe (Chrono Boost)  
  17  0:57  Assimilator  
  17  1:02  Probe (Chrono Boost)  
  18  1:07  Forge  
  18  1:12  Forge  
  18  1:20  Probe  
  19  1:28  Gateway  
  19  1:37  Probe  
  19  1:39  Zealot (Chrono Boost)  
  20  1:43  Pylon  
  22  1:50  Photon Cannon  
  22  2:01  Probe  
  22  2:13  Probe  
  23  2:16  Zealot (Chrono Boost)  
  23  2:20  Cybernetics Core  
  27  2:25  Probe  
  27  2:28  Zealot (Chrono Boost)  
  28  2:31  Assimilator  
  28  2:37  Probe  
  29  2:45  Pylon  
  29  2:49  Probe  
  30  2:57  Warp Gate  
  30  3:01  Probe  
  30  3:03  Adept x2  
  35  3:13  Probe  
  36  3:26  Probe  
  37  3:33  Nexus  
  37  3:50  Photon Cannon  
  37  3:53  Probe  
  38  4:05  Probe  
  35  4:11  Adept  
  35  4:12  Stalker  
  35  4:22  Photon Cannon  
  27  4:53  Stalker  
  27  4:55  Zealot  
  30  5:03  Probe  
  30  5:05  Probe  
Tags
 
Add a new tag
Caveats
  • Supply blocks, unpowered buildings, or Contaminate may cause inaccurate times.
  • Supply counts are checked every 10 seconds.